 Dungeon Crawl Stone Soup version 0.31-a0-774-g0d66cbabe8 (webtiles) character file.

Game seed: 10707821815177709957

8 cforsyth the Sneak (level 2, -7/25 HPs)
             Began as a Djinni Delver on Sept 17, 2023.
             Mangled by a gnoll
             ... wielding a +0 flail
             ... led by a gnoll bouda
              (12 damage)
             ... on level 5 of the Dungeon.
             The game lasted 00:00:19 (181 turns).

cforsyth the Sneak (Djinni Delver)                   Turns: 181, Time: 00:00:19

Health: -7/25      AC:  3    Str: 11    XL:     2   Next: 15%
Gold:   0          EV: 12    Int: 11    God:
                   SH:  0    Dex: 14

rFire   + + .        a - +0 falchion
rCold   x . .        (no shield)
rNeg    . . .        b - +0 leather armour
rPois   ∞            (no helmet)
rElec   .            (no cloak)
rCorr   .            (no gloves)
SInv    .            (boots unavailable)
Will    .....        (no amulet)
Stlth   ++           (no ring)
HPRegen 0.24/turn    (no ring)
MPRegen 0.00/turn

%: infuse magic (-8 HP)
@: flying
A: sickness immunity, fire resistance 2, cold vulnerability 1, float, innate
caster, HP casting, extra vitality 1
a: no special abilities


You were on level 5 of the Dungeon.
You visited 1 branch of the dungeon, and saw 1 of its levels.

Inventory:

Hand Weapons
 a - a +0 falchion (weapon)
Armour
 b - a +0 leather armour (worn)
Wands
 g - a wand of digging (3)
Scrolls
 c - a scroll of fog
 d - a scroll of revelation
 e - a scroll of fear
 h - 3 scrolls of identify {unknown}
Potions
 f - a potion of haste


   Skills:
 + Level 3.2 Fighting
 - Level 1.7 Long Blades
 - Level 2.1 Dodging
 - Level 4.1 Stealth
 + Level 0.5 Spellcasting
 + Level 0.5 Conjurations
 + Level 0.5 Hexes
   Level 0.0 Charms
 + Level 0.5 Summonings
 + Level 0.5 Necromancy
 + Level 0.5 Translocations
 + Level 0.5 Transmutations
 + Level 0.5 Fire Magic
 + Level 0.5 Ice Magic
 + Level 0.5 Air Magic
 + Level 0.5 Earth Magic
 + Level 0.5 Poison Magic You didn't know any spells. Your spell library was empty.

Dungeon Overview and Level Annotations

Branches:
Dungeon (5/15)
 Temple: D:4-7

Altars:


Innate Abilities, Weirdness & Mutations

You are immune to sickness and miasma.
You are immune to poison.
Your flesh is very heat resistant. (rF++)
You are vulnerable to cold. (rC-)
You float through the air rather than walking.
You learn spells naturally, not from books.
Your magical power is your life essence.
You have superior vitality. (+4 MHP)


Message History

The shadow imp hits you.
* * * LOW HITPOINT WARNING * * *
The shadow imp misses you.
You hit the shadow imp.
You kill the shadow imp!
You have reached level 2!
HP restored.
A jelly comes into view.
A jelly is nearby!
A jelly is nearby!
A jelly is nearby!
A jelly is nearby!
The jelly quivers.
Found 9 gold pieces.
The jelly falls through a shaft!
The shaft crumbles and collapses.
No target in view!
No target in view!
No target in view!
No target in view!
No target in view!
No target in view!
No target in view!
No target in view!
Found a stone staircase leading up.
A gnoll comes into view. It is wielding a +0 flail.
Found 5 stones.
A gnoll is nearby!
The gnoll shouts!
You hear a shout!
An adder comes into view.
A gnoll comes into view. It is wielding a +0 club.
The adder moves out of view.
You start waiting.
A gnoll is nearby!
You barely miss the gnoll. The gnoll barely misses you.
You hit the gnoll but do no damage. The gnoll hits you with a +0 flail.
You barely miss the gnoll. The gnoll hits you with a +0 flail.
You closely miss the gnoll. The gnoll hits you with a +0 flail!
* * * LOW HITPOINT WARNING * * *
The gnoll hits you with a +0 flail!
You die...

#.##......>......#
#.##.#.########.##
#.##.#.# #.# #......# #.#
.....### #.# .##### #.#
.# ######## #.# .#
###......# #.####### . .#
#........# #.@g....###...
.# #..#..##.#
#.###......... .#
#.###.##.###.##.......$.(
##
#..#...................<.
#
#.....##.###.#####.##....
## ##.......#..... .# ...
.####......>#.####.# #g
.. ......<######. # ⌠.
.##.##.# # ...


You could see a gnoll.

Vanquished Creatures
  A shadow imp (D:5)
1 creature vanquished.

Notes
Turn   | Place    | Note
-------+----------+-------------------------------------------
     0 | D:5      | cforsyth the Djinni Delver began the quest for the Orb.
     0 | D:5      | Reached XP level 1. HP: 20/20 MP: 0/0
    70 | D:5      | Reached XP level 2. HP: 8/25 MP: 0/0
   181 | D:5      | Mangled by a gnoll

Illustrated notes

Levels and vault maps discovered:
D:5:      layout_loops_cross, slow_altar_2, grunt_ministairs_2,
          dk_noncrumbling_4, nicolae_shop_vocational

Action                     || total
---------------------------++-------
  Melee: Falchion          ||    24
 Armour: Leather armour    ||    12
  Dodge: Dodged            ||    16

Table legend: (Time is in decaauts)
 A = Elapsed time spent in this place.
 B = Non-inter-level travel time spent in this place.
 C = Inter-level travel time spent in this place.
 D = Time resting spent in this place.
 E = Time spent auto-exploring this place.
 F = Levels seen in this place.
 G = Mean time per level.
                   A        B        C        D        E       F      G
               +--------+--------+--------+--------+--------+-----+--------+
         Total |    185 |    185 |      0 |      4 |    133 |   1 |  185.0 |
       Dungeon |    185 |    185 |      0 |      4 |    133 |   1 |  185.0 |
               +--------+--------+--------+--------+--------+-----+--------+

Top non-repeatable levels by time:
     D:5: 185 daAuts
